 Dungeon Crawl Stone Soup version 0.28-a0-863-g8cecda6153 (webtiles) character file.

Game seed: 7875541406547987716

9672 cheechan the Basher (level 11, 0/108 HPs)
             Began as an Octopode Artificer on Nov 19, 2021.
             Was an Initiate of Ashenzari.
             Slain by an ogre mage (10 damage)
             ... on level 10 of the Dungeon.
             The game lasted 00:52:29 (11502 turns).

cheechan the Basher (Octopode Artificer)           Turns: 11502, Time: 00:52:29

Health: 0/108      AC: 40    Str: 14    XL:     11   Next: 50%
Magic:  11/11      EV:  2    Int: 13    God:    Ashenzari [......]
Gold:   474        SH:  0    Dex: 20    Spells: 10/10 levels left

rFire   . . .      SeeInvis .   x - +4 flail (protect)
rCold   . . .      Faith    +   (no shield)
rNeg    . . .      Spirit   .   (helmet currently unavailable)
rPois   +          Reflect  .   i - amulet of faith
rElec   .          Harm     .   a - +4 ring of protection
rCorr   .          Rampage  .   l - ring of fire
Will    .....      NoTele   +   t - +4 ring of evasion
Stlth   ++........              v - ring of ice
HPRegen 0.28/turn               A - +4 ring of evasion
MPRegen 0.12/turn               L - +6 ring of dexterity
                                G - +4 ring of protection
                                (no ring)

@: confused, tree-form, ambrosia-drunk, under a protective aura
A: stationary, stasis, torment immunity, boosted hp, almost no armour,
(amphibious), 8 rings, (camouflage 1), (gelatinous body 1), (nimble swimmer 1),
(tentacles)
a: Renounce Religion, Curse Item


You were on level 10 of the Dungeon.
You worshipped Ashenzari.
Ashenzari was noncommittal.
You were a tree.
You visited 2 branches of the dungeon, and saw 11 of its levels.

You collected 624 gold pieces.
You spent 150 gold pieces at shops.

Inventory:

Hand Weapons
 e - a +3 falchion of freezing
 j - a +2 whip of flaming
 q - a +3 mace
 s - a +2 mace of holy wrath
 x - a +4 flail of protection (weapon)
 C - a +4 rapier of protection
 E - a +2 vorpal shortbow
 H - a +4 morningstar
 M - a +4 hand axe
 N - a +4 halberd
Missiles
 g - 3 boomerangs
 o - 169 arrows
 p - 12 poisoned darts (quivered)
 B - 56 sling bullets
 I - 36 bolts
Armour
 n - the +2 hat "Tolasiw" (melded) {rPois rF++ Int-5}
   (You acquired it on level 3 of the Dungeon)

   Int:       It affects your intelligence (-5).
   rF:        It greatly protects you from fire.
   rPois:     It protects you from poison.
Jewellery
 a - a +4 ring of protection (left branch)
 i - an amulet of faith (around neck)
 l - a ring of fire (right branch)
 t - a +4 ring of evasion (on tentacle)
 v - a ring of ice (on tentacle)
 w - an amulet of magic regeneration
 A - a +4 ring of evasion (on tentacle)
 G - a +4 ring of protection (on tentacle)
 L - a +6 ring of dexterity (on tentacle)
Wands
 c - a wand of polymorph (6)
Scrolls
 y - a scroll of magic mapping
 z - 3 scrolls of teleportation
 J - a scroll of enchant armour
 O - a scroll of identify
Potions
 b - a potion of lignification
 f - a potion of cancellation
 k - 2 potions of attraction
 m - 2 potions of curing
 r - a potion of brilliance
 D - 2 potions of haste
 F - a potion of might {unknown}
 K - a potion of flight {unknown}
Miscellaneous
 d - a piece from Xom's chessboard (15/15)


   Skills:
 + Level 6.1 Fighting
 + Level 3.1 Long Blades
 + Level 10.1 Maces & Flails
 + Level 2.2 Bows
 + Level 5.0 Throwing
 + Level 8.2 Dodging
 + Level 9.0 Stealth
 + Level 0.3 Unarmed Combat
 + Level 6.7 Evocations


You had 10 spell levels left.
You didn't know any spells.
Your spell library contained the following spells:

 Spells                   Type           Power      Damage    Failure   Level
 Slow                     Hex            0%         N/A       30%         1
 Confusing Touch          Hex            0%         N/A       67%         3
 Inner Flame              Hex/Fire       0%         N/A       67%         3
 Vampiric Draining        Necr           0%         2d6       67%         3
 Cause Fear               Hex            0%         N/A       97%         4
 Conjure Ball Lightning   Conj/Air       0%         3x3d6     100%        6
 Discord                  Hex            0%         N/A       100%        8
 Disjunction              Tloc           0%         N/A       100%        8


Dungeon Overview and Level Annotations

Branches:
Dungeon (10/15)            Temple (1/1) D:6             Orc (0/2) D:9
   Lair: D:8-11

Altars:
Ashenzari
Cheibriados
Dithmenos
Elyvilon
Fedhas
Gozag
Hepliaklqana
Kikubaaqudgha
Makhleb
Nemelex Xobeh
Okawaru
Qazlal
Ru
Sif Muna
Trog
Uskayaw
Vehumet
Wu Jian
Xom
Yredelemnul
Zin
The Shining One

Shops:
D:7 [   D:9 *![=*

Annotations:
D:6 3 runed translucent doors, Zenkrye's ghost, novice PaFi


Innate Abilities, Weirdness & Mutations

You are a tree.
Your roots penetrate the ground, keeping you stationary.
You cannot be teleported.
You are immune to unholy pain and torment.
Your maximum health is greatly increased.
You cannot wear most types of armour.
((You are amphibious.))
You can wear up to eight rings at the same time.
((Your skin changes colour to match your surroundings (Stealth+).))
((Your rubbery body absorbs attacks. (AC +1, EV +1)))
((You are camouflaged near water. (Stealth+)))
((You have tentacles for arms and can constrict up to eight enemies at once.))


Message History

The killer bee stings you but does no damage.
You sock the killer bee!
The killer bee is almost dead.
The killer bee stings you but does no damage. x4
Something hits you but does no damage.
The killer bee stings you but does no damage. x2
You hit the killer bee but do no damage.
The killer bee is almost dead.
The killer bee stings you but does no damage. x6
Something hits you.
* * * LOW HITPOINT WARNING * * *
x2 The killer bee stings you but does no damage. x2
You hit the killer bee.
You kill the killer bee!
The killer bee stings you but does no damage. x2
The killer bee completely misses you. Something hits you but does no damage.
The killer bee stings you.
* * * LOW HITPOINT WARNING * * *
The killer bee stings you but does no damage. x2
You cannot teleport because you are held in place by your roots.
You feel better.
The killer bee stings you but does no damage. x2
The killer bee barely misses you.
The killer bee stings you but does no damage.
The killer bee stings you.
* * * LOW HITPOINT WARNING * * *
Something hits you.
* * * LOW HITPOINT WARNING * * *
x2 The killer bee completely misses you.
The killer bee stings you but does no damage. x2
Okay, then.
You are confused.
You feel invigorated.
The killer bee stings you but does no damage.
The killer bee stings you.
* * * LOW HITPOINT WARNING * * *
The killer bee stings you but does no damage. x3
A skeletal warrior comes into view. It is wielding a +0 short sword.
Something hits you!
You die...

#..####'##....#
#..
#.............# #
#..
#.............. #z
##..
#..#'########..
#..#...
#..#..).....#
...#..
#..'..).....#
#..{##..#.)......#
#.yy...##########
#.y♣.........
#.y##........ #...
#....###. ####
#....# #....#
######


You could see a skeletal warrior (wandering) and 4 killer bees.

Vanquished Creatures
  Pikel (D:6)
  A deep elf pyromancer (D:7)
  A kobold demonologist (D:10)
  Psyche (D:9)
  Grinder (D:5)
  A vampire (D:10)
  A shadow (D:7)
  A wraith (D:9)
  Eustachio (D:5)
  3 steam dragons
  6 yaks
  2 wyverns (D:9)
  Edmund (D:4)
  An acid dragon (D:9)
  A water moccasin (D:5)
  11 orc warriors
  A hornet zombie (D:7)
  An ice beast (D:6)
  2 sky beasts
  2 necrophages
  A black bear (D:5)
  A blink frog zombie (D:9)
  2 ogres
  4 centaurs
  A lemure (D:6)
  2 kobold brigands
  Blork the orc (D:5)
  3 bullfrogs
  2 gnoll sergeants (D:7)
  A scorpion (D:5)
  3 water moccasin skeletons
  14 wights
  An electric eel (D:9)
  10 killer bees
  2 centaur zombies
  8 orc priests
  6 hounds
  A bullfrog skeleton (D:7)
  A gnoll shaman (D:6)
  2 jellies
  Crazy Yiuf (D:4)
  2 centaur skeletons
  Terence (D:3)
  Jessica (D:2)
  2 iguanas
  9 orc wizards
  A scorpion zombie (D:5)
  3 adders
  A shadow imp (D:7)
  3 white imps
  An adder zombie (D:5)
  2 worms
  A dart slug (D:2)
  41 orcs
  4 ball pythons
  2 bats (D:2)
  5 endoplasms
  2 giant cockroaches
  4 goblins
  4 hobgoblins
  2 jackals (D:2)
  3 quokkas
  4 frilled lizards
  11 kobolds
  6 rats
222 creatures vanquished.

Vanquished Creatures (collateral kills)
  Sigmund (D:6)
1 creature vanquished.

Vanquished Creatures (others)
  2 orcs (D:10)
  2 fungi (D:4)
4 creatures vanquished.

Grand Total: 227 creatures vanquished

Notes
Turn   | Place    | Note
-------+----------+-------------------------------------------
     0 | D:1      | cheechan the Octopode Artificer began the quest for the
                  | Orb.
     0 | D:1      | Reached XP level 1. HP: 13/13 MP: 1/1
   278 | D:1      | Reached XP level 2. HP: 18/18 MP: 2/2
  1108 | D:2      | Found a faded altar of an unknown god.
  1331 | D:2      | Reached XP level 3. HP: 23/23 MP: 3/3
  1391 | D:2      | Noticed Jessica
  1397 | D:2      | Killed Jessica
  1566 | D:2      | Reached XP level 4. HP: 28/28 MP: 4/4
  1697 | D:3      | You fall into a shaft and drop 1 floor!
  1765 | D:3      | Reached skill level 1 in Long Blades
  1971 | D:3      | Identified a scroll of acquirement
  1971 | D:3      | Acquired the +2 hat "Tolasiw" {rPois rF++ Int-5}
  2153 | D:3      | Reached XP level 5. HP: 11/33 MP: 5/5
  2589 | D:3      | Noticed Terence
  2595 | D:3      | Killed Terence
  3290 | D:4      | Noticed Edmund
  3821 | D:4      | Noticed a necrophage
  3827 | D:4      | Killed a necrophage
  3828 | D:4      | Reached skill level 1 in Maces & Flails
  3828 | D:4      | Reached XP level 6. HP: 39/39 MP: 6/6
  3895 | D:4      | Killed Edmund
  4209 | D:4      | Found a runed translucent door.
  4210 | D:4      | Noticed Crazy Yiuf
  4220 | D:4      | Killed Crazy Yiuf
  4358 | D:5      | Entered Level 5 of the Dungeon
  4377 | D:5      | Reached skill level 2 in Maces & Flails
  4383 | D:5      | Reached XP level 7. HP: 45/45 MP: 7/7
  4515 | D:5      | Noticed Blork the orc
  4519 | D:5      | Reached skill level 5 in Stealth
  4524 | D:5      | Killed Blork the orc
  4531 | D:5      | Reached skill level 3 in Maces & Flails
  4763 | D:5      | Reached skill level 5 in Evocations
  4763 | D:5      | Reached XP level 8. HP: 48/51 MP: 8/8
  4901 | D:5      | Noticed Grinder
  4905 | D:5      | Noticed Eustachio
  4912 | D:5      | Paralysed by Grinder for 6 turns
  4918 | D:5      | Killed Grinder
  4919 | D:5      | Reached skill level 4 in Maces & Flails
  5093 | D:5      | Killed Eustachio
  5278 | D:5      | Reached skill level 1 in Throwing
  5451 | D:5      | Reached skill level 5 in Maces & Flails
  5698 | D:6      | Noticed Sigmund
  5711 | D:6      | Killed Sigmund
  5712 | D:6      | Reached skill level 5 in Dodging
  5715 | D:6      | Reached XP level 9. HP: 25/57 MP: 9/9
  6124 | D:6      | Noticed Pikel
  6138 | D:6      | Killed Pikel
  6139 | D:6      | Reached skill level 6 in Maces & Flails
  6148 | D:6      | Found a staircase to the Ecumenical Temple.
  6190 | Temple   | Entered the Ecumenical Temple
  6443 | Temple   | Became a worshipper of Ashenzari the Shackled
  6823 | D:6      | Noticed a troll
  6829 | D:6      | Found a runed translucent gate.
  6829 | D:6      | Found a runed translucent gate.
  6830 | D:6      | Found a runed translucent gate.
  6831 | D:6      | Noticed Zenkrye's ghost (novice PaFi)
  6832 | D:6      | Noticed a cyan ugly thing
  6930 | D:6      | Found an iron altar of Okawaru.
  7427 | D:7      | Found Zunifro's Antique Armour Shoppe.
  7447 | D:7      | Reached skill level 7 in Maces & Flails
  7899 | D:7      | Reached XP level 10. HP: 55/63 MP: 10/10
  7999 | D:7      | Found a shimmering altar of Xom.
  8266 | D:7      | Noticed a deep elf pyromancer
  8288 | D:7      | Reached skill level 8 in Maces & Flails
  8756 | D:7      | Killed a deep elf pyromancer
  9260 | D:8      | Reached skill level 9 in Maces & Flails
  9265 | D:8      | Reached skill level 5 in Fighting
  9498 | D:8      | Found a stormy altar of Qazlal.
 10247 | D:8      | Reached XP level 11. HP: 52/72 MP: 11/11
 10424 | D:9      | Found Baciris's Assorted Antiques.
 10486 | D:9      | Bought a runed agate ring for 150 gold pieces
 10492 | D:9      | Found Vutipen's Jewellery Boutique.
 10523 | D:9      | Reached skill level 1 in Bows
 10599 | D:9      | Found Duq Sydelo's Armour Emporium.
 10679 | D:9      | Found a staircase to the Orcish Mines.
 10922 | D:9      | Reached skill level 5 in Throwing
 10996 | D:9      | Found Ovyqe's Distillery.
 11028 | D:9      | Found Abutoemm's General Store.
 11098 | D:9      | Noticed Psyche
 11107 | D:9      | Killed Psyche
 11347 | D:10     | Entered Level 10 of the Dungeon
 11405 | D:10     | Reached skill level 10 in Maces & Flails
 11470 | D:10     | Noticed an ogre mage
 11502 | D:10     | Noticed a skeletal warrior
 11502 | D:10     | Slain by an ogre mage

Illustrated notes

Levels and vault maps discovered:
D:1:      dpeg_arrival_rooms_a, layout_basic, minmay_misc_feat_more_columns,
          chequers_serial_rivers_marsh, palyth_stone_intersect
D:2:      layout_basic, ebering_ecumenical_altar_webs, uniq_jessica
D:3:      layout_rooms, uniq_terence
D:4:      layout_basic, minivault_5, uniq_crazy_yiuf_cottage, uniq_edmund
D:5:      layout_loops_ring, uniq_grinder, uniq_eustachio, uniq_blork_the_orc
D:6:      layout_basic, mainiacjoe_overflow_small_starburst,
          minmay_temple_entry_waves, gammafunk_ghost_split, st_stairs_10,
          uniq_pikel, uniq_sigmund
D:7:      kennysheep_windowed_halls, layout_cave_pools,
          mainiacjoe_overflow_24_doors, serial_shops, nicolae_shop_statue_plus
D:8:      layout_cave_pools, nicolae_qazlal_general_emergency,
          serial_co_window_serial, co_window_paths_a, co_window_corner_a,
          co_window_of_opportunity_a, co_window_of_opportunity_a,
          co_window_of_opportunity_a, co_window_corner_b, co_window_broadway_b,
          co_window_broadway_c, co_window_of_opportunity_c,
          co_window_broadway_a, co_window_paths_c, co_window_broadway_b,
          co_window_paths_d
D:9:      layout_rooms, david_orc_4, serial_shops, shop, shop, shop,
          nicolae_inconvenience_store, shop, serial_glass, glass_columns_a,
          glass_columns_b, due_unseen_surprise, item_on_display_a, uniq_psyche
D:10:     layout_irregular_city, lair_entry_dummy, chequers_avenue,
          minivault_16, corexii_checkpoint_a, corexii_leaking_fountain,
          hangedman_corner_corridor
Temple:   mainiacjoe_temple_bowtie_tessellation

Skill      XL: |  1  2  3  4  5  6  7  8  9 10 11 |
---------------+----------------------------------+-----
Stealth        | 2 3 4 5 6 7 8 9 |  9.0
Evocations     | 4 5 6 |  6.7
Long Blades    | 1 2 3 |  3.1
Dodging        | 3 4 5 7 8 |  8.2
Maces & Flails | 1 2 3 5 7 9 10 | 10.1
Fighting       | 2 3 4 5 6 |  6.1
Throwing       | 2 3 4 5 |  5.0
Bows           | 2 |  2.2
Unarmed Combat | |  0.3

Action                   |  1- 3 |  4- 6 |  7- 9 | 10-12 || total
-------------------------+-------+-------+-------+-------++-------
Melee: Unarmed           |    16 |       |       |       ||    16
       Constrict         |    11 |    24 |    38 |    53 ||   126
       Tentacles         |     5 |    17 |    42 |    74 ||   138
       Falchion          |    29 |    36 |       |       ||    65
       Punch             |       |     1 |       |     1 ||     2
       Mace              |       |    35 |       |       ||    35
       Flail             |       |    14 |   185 |   350 ||   549
 Fire: Shortbow          |       |       |       |    37 ||    37
Throw: Dart              |       |       |    35 |    30 ||    65
       Boomerang         |       |       |    11 |       ||    11
Evoke: Wand              |     8 |    10 |    35 |     5 ||    58
  Use: Scroll            |     1 |     6 |     9 |     6 ||    22
       Potion            |       |       |       |    10 ||    10
 Stab: Sleeping          |     9 |     4 |     7 |     3 ||    23
       Distracted        |       |       |     1 |     2 ||     3
Armor: Skin              |    13 |    23 |    42 |   353 ||   431
Dodge: Dodged            |    24 |    71 |   163 |   436 ||   694

Table legend: (Time is in decaauts)
 A = Elapsed time spent in this place.
 B = Non-inter-level travel time spent in this place.
 C = Inter-level travel time spent in this place.
 D = Time resting spent in this place.
 E = Time spent auto-exploring this place.
 F = Levels seen in this place.
 G = Mean time per level.
                   A        B        C        D        E       F      G
               +--------+--------+--------+--------+--------+-----+--------+
         Total |  11538 |  11538 |      0 |   2300 |      0 |  11 | 1048.9 |
       Dungeon |  11259 |  11259 |      0 |   2300 |      0 |  10 | 1125.9 |
        Temple |    279 |    279 |      0 |      0 |      0 |   1 |  279.0 |
               +--------+--------+--------+--------+--------+-----+--------+

Top non-repeatable levels by time:
     D:7: 1772 daAuts
     D:4: 1628 daAuts
     D:6: 1441 daAuts
     D:5: 1292 daAuts
     D:8: 1198 daAuts
     D:3: 1078 daAuts
     D:9: 1020 daAuts
     D:1: 943 daAuts
     D:2: 736 daAuts
  Temple: 279 daAuts
    D:10: 146 daAuts
